 Dungeon Crawl Stone Soup version 0.21.1-1-g345015f (webtiles) character file.

47 yevrey the Ruffian (level 3, 0/29 HPs)
             Began as a Draconian Transmuter on Mar 30, 2018.
             Slain by Sigmund
             ... wielding a +0 scythe
              (4 damage)
             ... on level 2 of the Dungeon.
             The game lasted 00:06:16 (1853 turns).

yevrey the Ruffian (Draconian Transmuter)           Turns: 1853, Time: 00:06:16

Health: 0/29       AC:  6    Str: 12    XL:     3   Next: 48%
Magic:  0/6        EV: 12    Int: 14    God:
Gold:   102        SH:  0    Dex: 11    Spells: 0/6 levels left

rFire    . . .     SeeInvis .     - Unarmed
rCold    . . .     Gourm    .   (no shield)
rNeg     . . .     Faith    .   (armour unavailable)
rPois    .         Spirit   +   (helmet restricted)
rElec    .         Reflect  .   f - scarf {Spirit}
rCorr    .         Harm     .   (no gloves)
MR       .....                  h - +0 pair of boots
Stlth    +.........             (no amulet)
HPRegen  0.09/turn              (no ring)
MPRegen  0.10/turn              (no ring)

@: drained
A: unfitting armour, cold-blooded, AC +5
a: no special abilities


You were on level 2 of the Dungeon.
You were hungry.

You visited 1 branch of the dungeon, and saw 3 of its levels.

You collected 102 gold pieces.

Inventory:

Missiles
 a - 35 arrows
 e - 8 steel javelins (quivered)
 l - 34 poisoned needles
Armour
 f - a scarf of spirit shield (worn)
 h - a +0 pair of boots (worn)
Jewellery
 o - an uncursed ring of protection from cold {unknown}
Scrolls
 k - a scroll of remove curse {unknown}
 m - a scroll of enchant weapon {unknown}
 n - a scroll of noise {unknown}
Potions
 j - a potion of brilliance {unknown}
Books
 b - a book of Changes

   Spells                             Type                      Level
   a - Beastly Appendage              Transmutation                1
   b - Sticks to Snakes               Transmutation                2
   c - Spider Form                    Transmutation/Poison         3
   d - Ice Form                       Ice/Transmutation            4
   e - Blade Hands                    Transmutation                5
Comestibles
 c - 3 rations


   Skills:
 * Level 2.0(1.7) Fighting
 - Level 1.7(1.4) Dodging
 + Level 3.7(3.3) Unarmed Combat
 + Level 2.4(2.1) Spellcasting
 + Level 2.4(2.1) Transmutations


You couldn't memorise any spells.
You knew the following spells:

 Your Spells              Type           Power        Failure   Level  Hunger
a - Beastly Appendage     Tmut           #.....       10%         1    ##.....
b - Sticks to Snakes      Tmut           #.......     16%         2    ###....
c - Spider Form           Tmut/Pois      #.........   41%         3    ####...


Dungeon Overview and Level Annotations

Branches:
Dungeon (3/15)

Altars:

Annotations:
D:2 Crazy Yiuf, Sigmund


Innate Abilities, Weirdness & Mutations

Your plain brown scales are hard. (AC +5)
You cannot fit into any form of body armour.
You are cold-blooded and may be slowed by cold attacks.


Message History

Crazy Yiuf says, "Aardvark alas hand!"
Crazy Yiuf sings, "Trees, trees, trees, circus!"
You see here a mace.
You see here 13 stones.
Crazy Yiuf laughs, "Citrus!"
Crazy Yiuf says, "East shoe tea!"
Okay, then.
Crazy Yiuf grits, "Tonal meccalolo arm!"
Crazy Yiuf grits, "Fluff disdain pizzabubble!"
Sigmund shouts!
Crazy Yiuf no longer looks unusually strong.
Sigmund points at you and mumbles some strange words.
You resist with significant effort.
Crazy Yiuf says, "Citrus Orb Guardian sing-song!"
Sigmund mumbles some strange words.
Sigmund flickers and vanishes!
Deactivating autopickup; reactivate with Ctrl-A.
Crazy Yiuf whimpers, "Line senile song!"
Something hits you!
You die...

................# #.#
####.#########..#####.# #.#
#(......##..# #.# #.##..#.##.##
#.######.##..#.##.# ##
#............#.##.# #.
##.####........###.#.##.# ##.
..[..........g....[#.##.###..
#########.....@........##......
.........###.#<..#####.######..
[#######.# #.#.#{# #(# ##.
#.###.#.#.#####.# #.
#.##....#....##.# ##
#......#####....#
#####..#....#....####
#@........#.#.####
#.###..####.#.#####


You could see Crazy Yiuf.

Vanquished Creatures
  An adder (D:2)
  An ooze (D:2)
  A leopard gecko (D:1)
  5 bats
  2 giant cockroaches (D:2)
  4 hobgoblins
  3 jackals (D:3)
  4 kobolds
  4 frilled lizards
  2 goblins
  5 rats
32 creatures vanquished.

Notes
Turn   | Place    | Note
-------+----------+-------------------------------------------
     0 | D:1      | yevrey the Draconian Transmuter began the quest for the Orb.
     0 | D:1      | Reached XP level 1. HP: 16/16 MP: 3/3
   150 | D:1      | Reached XP level 2. HP: 19/23 MP: 3/5
   154 | D:1      | Learned a level 2 spell: Sticks to Snakes
   996 | D:2      | Reached XP level 3. HP: 29/29 MP: 6/6
  1001 | D:2      | Learned a level 3 spell: Spider Form
  1332 | D:2      | Noticed Sigmund
  1813 | D:2      | Found a runed door.
  1818 | D:2      | Noticed Crazy Yiuf
  1824 | D:2      | HP: 1/29 [Crazy Yiuf/quarterstaff of chaos (17)]
  1853 | D:2      | Slain by Sigmund

Skill      XL: |  1  2  3 |
---------------+----------+-----
Fighting       | 2 |  2.0
Dodging        | |  1.7
Unarmed Combat | |  3.7
Spellcasting   | |  2.4
Transmutations | |  2.4

Action                   || total
-------------------------++-------
Melee: Unarmed           ||    89
       Tailslap          ||     9
       Headbutt          ||     4
       Kick              ||     1
 Cast: Beastly Appendage ||    16
       Spider Form       ||     5
  Use: Potion            ||     2
 Stab: Sleeping          ||     2
  Eat: Chunk             ||     3
Armor: Skin              ||    28
Dodge: Dodged            ||    64
